 Dungeon Crawl Stone Soup version 0.24.0-1-gfbc8707122 (webtiles) character file.

Game seed: 15702859844595846984, levelgen mode: deterministic

60 Froggeryz the Firebug (level 3, -2/19 HPs)
             Began as a Deep Elf Fire Elementalist on Oct 27, 2019.
             Slain by a goblin
             ... wielding a +0 club
             ... led by Robin
              (6 damage)
             ... on level 2 of the Dungeon.
             The game lasted 00:02:32 (1132 turns).

Froggeryz the Firebug (Deep Elf Fire Elementalist)  Turns: 1132, Time: 00:02:33

Health: -2/19      AC:  2    Str:  6    XL:     3   Next: 80%
Magic:  5/10       EV: 13    Int: 19    God:
Gold:   109        SH:  0    Dex: 15    Spells: 8/9 levels left

rFire    . . .     SeeInvis .   e - +0 short sword
rCold    . . .     Gourm    .   (no shield)
rNeg     . . .     Faith    .   a - +0 robe
rPois    .         Spirit   .   (no helmet)
rElec    .         Reflect  .   (no cloak)
rCorr    .         Harm     .   (no gloves)
MR       .....                  (no boots)
Stlth    ++........             (no amulet)
HPRegen  0.06/turn              (no ring)
MPRegen  0.12/turn              (no ring)

@: no status effects
A: no striking features
a: no special abilities


You were on level 2 of the Dungeon.
You were hungry.

You visited 1 branch of the dungeon, and saw 2 of its levels.

You collected 109 gold pieces.

Inventory:

Hand Weapons
 e - a +0 short sword (weapon)
Armour
 a - a +0 robe (worn)
Scrolls
 f - 2 scrolls of identify {unknown}
 g - a scroll of amnesia {unknown}
Potions
 b - 2 potions of curing {unknown}
 d - a potion of lignification {unknown}
Comestibles
 c - 4 rations


   Skills:
 - Level 2.4 Dodging
 - Level 2.4 Stealth
 + Level 3.5 Spellcasting
 - Level 1.1 Conjurations
 * Level 5.0 Fire Magic


You had 8 spell levels left.
You knew the following spells:

 Your Spells              Type           Power        Failure   Level  Hunger
a - Flame Tongue          Conj/Fire      ###..        4%          1    None

Your spell library contained the following spells:

 Spells                   Type           Power        Failure   Level  Hunger
 Throw Flame              Conj/Fire      ###...       6%          2    ##.....
 Conjure Flame            Conj/Fire      ###.....     12%         3    ###....
 Inner Flame              Hex/Fire       ##......     16%         3    ###....
 Sticky Flame             Conj/Fire      ###.....     38%         4    ####...
 Fireball                 Conj/Fire      ###.......   75%         5    ######.


Dungeon Overview and Level Annotations

Branches:
Dungeon (2/15)

Altars:

Annotations:
D:2 Robin, Sigmund


Message History

A hobgoblin comes into view. It is wielding a +0 club.
The hobgoblin shouts!
Found 6 gold pieces.
You see here a chain mail.
A goblin comes into view.
The goblin shouts!
You hear a shout! x2
Robin shouts!
The goblin shouts!
Robin's horned helmet rattles.
Robin throws the goblin at you!
* * * LOW HITPOINT WARNING * * *
You are feeling hungry.
Robin throws the goblin at you!
* * * LOW HITPOINT WARNING * * *
The goblin hits you but does no damage.
The goblin shouts! x2
The goblin hits you but does no damage.
Robin roars a battlecry!
The goblins go into a battle-frenzy!
The goblin hits you with a +0 club.
You die...

...g##
.g..g.....[....#........
...#.
....##...####..#.###....
.###.. ....g#..##
#......#.... ! .......g#
#.###..#.### ....#gg.#
#.. #......# ....##gg#
#...#.###..# ## #..gg##
#.......#... #.##.g#
#..###..#.## ... #@.#
#....#...... #..
#..####....#.###.. #..
#........o.....#.. #.
#.#.......###..#.. #%.
##...#.###...#...†.
#..##...#...##...#.###.
......s##...##.#...###.
.......##...##)#...##..
.?........g....#.###...


You could see Robin, a giant cockroach (wandering), 4 hobgoblins and 4 goblins.

Vanquished Creatures
  Jessica (D:2)
  A leopard gecko (D:2)
  5 bats
  8 goblins
  5 hobgoblins (D:1)
  3 jackals (D:2)
  A frilled lizard (D:2)
  5 kobolds
  A rat (D:1)
30 creatures vanquished.

Notes
Turn   | Place    | Note
-------+----------+-------------------------------------------
     0 | D:1      | Froggeryz the Deep Elf Fire Elementalist began the quest
                  | for the Orb.
     0 | D:1      | Reached XP level 1. HP: 10/10 MP: 6/6
   202 | D:1      | Reached skill level 4 in Fire Magic
   202 | D:1      | Reached XP level 2. HP: 15/15 MP: 5/8
   739 | D:2      | Noticed Sigmund
   799 | D:2      | Noticed Robin
   884 | D:2      | Reached XP level 3. HP: 19/19 MP: 6/9
  1084 | D:2      | Noticed Jessica
  1101 | D:2      | Killed Jessica
  1101 | D:2      | Reached skill level 5 in Fire Magic
  1132 | D:2      | Slain by a goblin

Levels and vault maps discovered:
D:1:      matt_arrival_grand_opening, layout_basic, interstate_on_off
D:2:      layout_rooms, hangedman_decor_points, uniq_robin, uniq_jessica,
          uniq_sigmund

Skill      XL: |  1  2  3 |
---------------+----------+-----
Fire Magic     | 4 5 |  5.0
Dodging        | |  2.4
Stealth        | |  2.4
Spellcasting   | |  3.5
Conjurations   | |  1.1

Action                   || total
-------------------------++-------
Melee: Short sword       ||     2
 Cast: Flame Tongue      ||    49
 Stab: Sleeping          ||     1
Armor: Robe              ||     4
Dodge: Dodged            ||    17
